 Dungeon Crawl Stone Soup version 0.32-a0-799-g95e1662365 (webtiles) character file.

Game seed: 12433458086624386865

18959 cforsyth the Arsonist (level 12, -3/162 HPs)
             Began as a Mountain Dwarf Cinder Acolyte on Mar 21, 2024.
             Was a High Priest of Ignis.
             Slain by a salamander
             ... wielding a +1 spear of flaming
              (4 damage)
             ... in a volcano.
             The game lasted 00:39:15 (22312 turns).

cforsyth the Arsonist (MDCA)                       Turns: 22312, Time: 00:39:15

Health: -3/162     AC: 26    Str: 22    XL:     12   Next: 32%
Magic:  23/23      EV:  2    Int: 21    God:    Ignis [*****.]
Gold:   728        SH:  0    Dex:  5    Spells: 24/26 levels left

rFire   + . .        B - +1 hand axe (elec)
rCold   . . .        (no shield)
rNeg    . . .        Q - melded +0 plate armour
rPois   +            x - melded +1 helmet
rElec   .            g - melded +0 cloak
rCorr   .            (gloves currently unavailable)
SInv    .            t - melded +2 pair of boots
Will    +....        k - amulet of the acrobat
Stlth   +            E - +5 ring of evasion
HPRegen 0.47/turn    i - +6 ring of intelligence
MPRegen 0.18/turn

%: acrobat
@: mighty, tree-form, hasted, very quick
A: stationary, stasis, torment immunity, boosted hp, runic magic, artefact
enchanting
a: Renounce Religion, Fiery Armour, Foxfire Swarm, Rising Flame


You were in a volcano.
You worshipped Ignis.
Ignis was extremely pleased with you.
You were a tree.
You visited 3 branches of the dungeon, and saw 14 of its levels.
You also visited: Volcano.

You collected 830 gold pieces.
You spent 102 gold pieces at shops.


Innate Abilities, Weirdness & Mutations

You are a tree.
Your roots penetrate the ground, keeping you stationary.
You cannot be teleported.
You are immune to unholy pain and torment.
Your maximum health is greatly increased.
Your equipment is partially melded.
Your spellcasting is much less encumbered by armour.
You can use scrolls of enchantment on lesser artefacts.


   Skills:
 + Level 10.7 Fighting
 + Level 11.6 Axes
 + Level 10.1 Armour
 + Level 7.9 Spellcasting
 + Level 11.7 Fire Magic


You had 24 spell levels left.
You knew the following spells:

 Your Spells              Type           Power      Damage    Failure   Level
X - Scorch                Fire           100%       2d9       1%          2

Your spell library contained the following spells:

 Spells                   Type           Power      Damage    Failure   Level
 Foxfire                  Conj/Fire      100%       2x1d9     1%          1
 Magic Dart               Conj           32%        1d4       9%          1
 Blink                    Tloc           16%        N/A       12%         2
 Ensorcelled Hibernation  Hex/Ice        16%        N/A       12%         2
 Lesser Beckoning         Tloc           16%        N/A       12%         2
 Momentum Strike          Conj/Tloc      16%        3d8       12%         2
 Searing Ray              Conj           16%        2d5       12%         2
 Hailstorm                Conj/Ice       8%         3d5       24%         3
 Passwall                 Erth           8%         N/A       24%         3
 Summon Ice Beast         Ice/Summ       8%         N/A       24%         3
 Swiftness                Air            8%         N/A       24%         3
 Tukima's Dance           Hex            8%         N/A       24%         3
 Anguish                  Hex/Necr       4%         N/A       63%         4
 Cause Fear               Hex            4%         N/A       63%         4
 Fulminant Prism          Conj/Alch      4%         3d5       63%         4
 Passage of Golubria      Tloc           8%         N/A       63%         4
 Plasma Beam              Fire/Air       16%        2x1d27    75%         6
 Starburst                Conj/Fire      16%        6d6       75%         6
 Yara's Violent Unravell  Hex/Alch       4%         3d4       92%         5
 Permafrost Eruption      Ice/Erth       4%         2x4d3     100%        6
 Sculpt Simulacrum        Ice/Alch       4%         N/A       100%        6
 Enfeeble                 Hex            4%         N/A       100%        7

Inventory:

Hand Weapons
 a - a -1 hand axe of flaming
 B - a +1 hand axe of electrocution (weapon)
 G - a +0 war axe
Missiles
 H - 3 throwing nets {=f}
Armour
 g - a +0 cloak (melded)
 r - a +0 chain mail
 t - a +2 pair of boots (melded)
 x - a +1 helmet (melded)
 P - the +2 robe of Xom's Favour {*Corrode rC- Will++ Archmagi}
   (You found it on level 8 of the Dungeon)

   rC-:       It makes you vulnerable to cold.
   Will++:    It greatly increases your willpower.
   *Corrode:  It may corrode you when you take damage.
   Archmagi:  It increases the power of your magical spells.
 Q - a +0 plate armour (melded)
Jewellery
 i - a +6 ring of intelligence (right branch)
 k - an amulet of the acrobat (around neck)
 D - a +6 ring of dexterity
 E - a +5 ring of evasion (left branch)
 N - the ring of Autotheism {rPois Will- AC+4 Str+3 Dex+2}
   (You found it on level 7 of the Dungeon)

   [ring of protection]

   AC+4:      It affects your AC (+4).
   Str+3:     It affects your strength (+3).
   Dex+2:     It affects your dexterity (+2).
   rPois:     It protects you from poison.
   Will-:     It decreases your willpower.
Wands
 e - a wand of acid (1)
 y - a wand of polymorph (7)
 K - a wand of flame (16)
 M - a wand of roots (1)
Scrolls
 h - a scroll of identify {@r1}
 j - a scroll of fog
 l - a scroll of amnesia
 m - 3 scrolls of enchant weapon
 q - 3 scrolls of teleportation {@r2}
 s - a scroll of butterflies
 u - 2 scrolls of blinking
 z - 2 scrolls of noise
 J - a scroll of enchant armour
 L - 2 scrolls of immolation
 O - a scroll of brand weapon
Potions
 b - 2 potions of berserk rage {!q}
 c - 4 potions of enlightenment
 f - a potion of cancellation
 n - a potion of ambrosia
 o - 2 potions of resistance
 p - 4 potions of curing {@q1}
 v - 3 potions of attraction
 w - a potion of mutation
 F - a potion of invisibility
 I - 3 potions of might

Dungeon Overview and Level Annotations

Branches:
Dungeon (12/15)            Temple (1/1) D:5            Lair (1/5) D:9
    Orc (0/2) D:9         Volcano (1/1)

Altars:
Ashenzari
Cheibriados
Dithmenos
Elyvilon
Fedhas
Gozag
Hepliaklqana
Kikubaaqudgha
Makhleb
Nemelex Xobeh
Okawaru
Qazlal
Ru
Sif Muna
Trog
Uskayaw
Vehumet
Wu Jian
Xom
Yredelemnul
Zin
The Shining One

Shops:
D:3 *   D:6 [   D:8 *   D:9 :   D:11 *   D:12 =

Annotations:
D:10 3 runed translucent doors, exclusion: orange crystal statue

▒..≈..▒...
▒ß≈≈≈ß▒...
+..≈..'.. §
+.....'. §§▒
▒ß...ß▒ ▒≈
§§§▒▒▒.....▒▒▒≈≈
#§§§§§.....≈≈≈≈≈
#≈§≈§ßN▒Nß≈≈≈≈≈
###≈§..♣.§§≈≈≈§
#§§§.)..§§≈##
##§ß...ߧ§≈#
##.§..§####
#...§.# #ß...ß#
#.....# #.....#
#ß...ß#


You could see 2 salamanders.


Message History

The salamander hits you but does no damage. x2
Unknown command.
Unknown command.
You hit the salamander.
The salamander is lightly wounded.
You barely miss the salamander.
The salamander hits you but does no damage.
Unknown command.
You hit the salamander.
The salamander is lightly wounded.
You closely miss the salamander.
The salamander hits you with a +1 spear of flaming!
* * * LOW HITPOINT WARNING * * *
You are engulfed in flames.
You resist.
* * * LOW HITPOINT WARNING * * *
The salamander burns you.
* * * LOW HITPOINT WARNING * * *
The salamander hits you but does no damage.
You slash the salamander!
The salamander is moderately wounded.
You slash the salamander! You slash the salamander!
The salamander is heavily wounded.
You hit the salamander.
In the distance, the volcano erupts with a roar.
The salamander hits you with a +1 spear of flaming!
* * * LOW HITPOINT WARNING * * *
You are engulfed in flames.
You resist.
You die...
Ignis goes out, and joins you in death.

Skill      XL: |  1  2  3  4  5  6  7  8  9 10 11 12 |
---------------+-------------------------------------+-----
Armour         | 1 2 3 4 5 7 8 9 10 | 10.1
Fire Magic     | 4 5 6 7 8 9 11 | 11.7
Axes           | 4 5 6 7 8 9 11 | 11.6
Fighting       | 4 5 6 7 9 10 | 10.7
Spellcasting   | 2 3 4 5 6 7 |  7.9

Action                     |  1- 3 |  4- 6 |  7- 9 | 10-12 || total
---------------------------+-------+-------+-------+-------++-------
  Melee: Hand axe          |    92 |    78 |   111 |   172 ||   453
         Unarmed           |       |       |     5 |       ||     5
   Cast: Scorch            |    22 |    81 |   251 |   330 ||   684
  Evoke: Wand              |       |       |       |     3 ||     3
    Use: Potion            |       |     2 |     1 |     5 ||     8
         Scroll            |       |       |     3 |    28 ||    31
 Armour: Robe              |    79 |    19 |       |    17 ||   115
         Skin              |       |     6 |     4 |     6 ||    16
         Ring mail         |       |     5 |       |       ||     5
         Chain mail        |       |    80 |   229 |   232 ||   541
         Plate armour      |       |       |       |    69 ||    69
  Dodge: Dodged            |    55 |    64 |   192 |   271 ||   582

Levels and vault maps discovered:
D:1:      sevenhm_arrival_forest_fort_small_6, layout_loops_ring
D:2:      layout_loops_ring
D:3:      layout_basic, tso_oasis_becter, serial_shops, shop,
          minmay_misc_feat_tower, minivault_27
D:4:      layout_basic, mainiacjoe_overflow_catch_the_wave, uniq_robin
D:5:      old_forge, layout_basic, kennysheep_slug_shrine,
          minmay_temple_entry_junction, uniq_eustachio, uniq_ijyb
D:6:      layout_basic, serial_shops, nicolae_shop_trees
D:7:      layout_basic, trog_hazing_becter, fedhas_ov_isle_minmay,
          gammafunk_ghost_nasty_kobolds, uniq_prince_ribbit1, uniq_menkaure
D:8:      layout_loops_ring, grunt_dithmenos_smoke,
          nicolae_ru_sacrificial_ziggurat, zin_purify, uniq_pikel
D:9:      layout_rooms, mainiacjoe_overflow_catwalk,
          due_lair_maze_entry_diamond, orc_0_dummy, nicolae_custom_books,
          chequers_jeans
D:10:     layout_loops_ring, kennysheep_mini_moat, minmay_statue_crystal_thing
D:11:     layout_irregular_city, serial_shops, nicolae_shop_just_a_little_nook
D:12:     minmay_shrinking_squares, layout_stronghold, serial_shops,
          nicolae_take_the_stairs
Temple:   jpeg_temple_clearing
Lair:1:   layout_loops_ring, enter_volcano_4, infiniplex_staircase_pool_2,
          grunt_megastairs_2
Volcano:  kennysheep_volcano_temple

Notes
Turn   | Place    | Note
-------+----------+-------------------------------------------
     0 | D:1      | cforsyth the Mountain Dwarf Cinder Acolyte began the quest
                  | for the Orb.
     0 | D:1      | Reached XP level 1. HP: 19/19 MP: 2/2
   253 | D:1      | Reached XP level 2. HP: 20/26 MP: 3/3
   259 | D:1      | Learned a level 2 spell: Scorch
   428 | D:1      | Reached skill level 1 in Armour
   646 | D:1      | Reached skill level 4 in Fire Magic
   800 | D:1      | Reached XP level 3. HP: 30/31 MP: 0/5
  1212 | D:2      | Reached skill level 4 in Axes
  1659 | D:2      | Reached XP level 4. HP: 40/40 MP: 1/6
  1734 | D:2      | HP: 3/40 [gnoll/+0 whip (6)]
  1740 | D:1      | HP: 6/60 [gnoll/+0 whip (2)]
  2509 | D:3      | Reached skill level 4 in Fighting
  2509 | D:3      | Reached skill level 2 in Armour
  2509 | D:3      | Reached XP level 5. HP: 11/46 MP: 2/7
  2882 | D:3      | Reached skill level 2 in Spellcasting
  2945 | D:3      | Found Zaudus's Assorted Antiques.
  2970 | D:3      | Bought a scroll labelled DEAQIN NIAHUDI for 21 gold pieces
  2970 | D:3      | Bought a dark potion for 18 gold pieces
  2970 | D:3      | Bought a scroll labelled CEXYIQ XIOHOW for 21 gold pieces
  2970 | D:3      | Bought a scroll labelled DEAQIN NIAHUDI for 21 gold pieces
  2970 | D:3      | Bought a scroll labelled ITAJAMAFYMP for 21 gold pieces
  3718 | D:3      | Found a glowing golden altar of the Shining One.
  4261 | D:4      | Noticed Robin
  4271 | D:4      | Killed Robin
  4404 | D:4      | Reached XP level 6. HP: 45/53 MP: 0/9
  4504 | D:4      | Reached skill level 5 in Axes
  4504 | D:4      | Reached skill level 5 in Fire Magic
  4734 | D:4      | Reached skill level 3 in Armour
  4743 | D:4      | HP: 1/53 [iguana (6)]
  4990 | D:4      | Found a broken altar of Ashenzari.
  5330 | D:4      | Reached XP level 7. HP: 60/60 MP: 0/11
  5443 | D:4      | Found a shimmering altar of Xom.
  5486 | D:5      | Entered Level 5 of the Dungeon
  5492 | D:5      | Noticed Eustachio
  5494 | D:5      | Reached skill level 5 in Fighting
  5588 | D:4      | Killed Eustachio
  5589 | D:4      | Reached skill level 3 in Spellcasting
  5685 | D:5      | Reached skill level 4 in Armour
  5767 | D:5      | Found a staircase to the Ecumenical Temple.
  5773 | D:5      | Reached skill level 6 in Fire Magic
  5825 | D:5      | Reached skill level 6 in Axes
  5909 | D:5      | Reached XP level 8. HP: 69/69 MP: 7/13
  6295 | D:5      | Found a snail-covered altar of Cheibriados.
  6378 | D:5      | Noticed Ijyb
  6408 | Temple   | Entered the Ecumenical Temple
  6495 | Temple   | Killed Ijyb
  6966 | D:5      | Reached skill level 6 in Fighting
  7078 | D:5      | Reached skill level 5 in Armour
  7180 | D:5      | Reached skill level 4 in Spellcasting
  7373 | D:4      | Reached skill level 7 in Fire Magic
  7668 | D:5      | Reached skill level 7 in Axes
  7975 | D:5      | Found the +11 Singing Sword {sonic wave}
  8398 | D:6      | Reached XP level 9. HP: 78/78 MP: 6/15
  8619 | D:6      | Found Vedezesm's Armour Shop.
  9139 | D:6      | Reached skill level 6 in Armour
  9219 | D:6      | Reached skill level 7 in Fighting
  9726 | D:7      | Found a blossoming altar of Fedhas.
  9855 | D:7      | Noticed Prince Ribbit
  9861 | D:7      | Noticed Menkaure
 10080 | D:7      | Killed Prince Ribbit
 10081 | D:7      | Reached skill level 8 in Fire Magic
 10150 | D:7      | Killed Menkaure
 10151 | D:7      | Reached skill level 8 in Axes
 10151 | D:7      | Reached skill level 5 in Spellcasting
 10619 | D:7      | Found a bloodstained altar of Trog.
 10795 | D:7      | Found a runed translucent gate.
 10795 | D:7      | Found a runed translucent gate.
 10795 | D:7      | Found a runed translucent gate.
 10795 | D:7      | Noticed ytrimaz's ghost (novice OpSh)
 10798 | D:7      | Noticed a kobold demonologist
 11944 | D:8      | Found a sacrificial altar of Ru.
 12044 | D:8      | Found Zin's Purification Station.
 12044 | D:8      | Noticed Pikel
 12175 | D:8      | Killed Pikel
 12176 | D:8      | Reached skill level 7 in Armour
 12176 | D:8      | Reached XP level 10. HP: 85/88 MP: 11/18
 12246 | D:8      | Found a shadowy altar of Dithmenos.
 12323 | D:8      | Identified the +2 robe of Xom's Favour {*Corrode rC- Will++
                  | Archmagi}
 12586 | D:8      | Found a glowing silver altar of Zin.
 13181 | D:9      | Reached skill level 8 in Fighting
 13297 | D:9      | Reached skill level 9 in Fire Magic
 13572 | D:9      | You fall into a shaft and drop 1 floor!
 13572 | D:10     | Entered Level 10 of the Dungeon
 13581 | D:10     | Reached skill level 9 in Axes
 13880 | D:10     | Reached skill level 6 in Spellcasting
 14038 | D:10     | Noticed a brown ugly thing
 14042 | D:10     | Noticed a two-headed ogre
 14054 | D:9      | Found a hazy altar of Hepliaklqana.
 14379 | D:9      | Found a staircase to the Orcish Mines.
 14521 | D:9      | Found Vatanus's Self-Published Books.
 14586 | D:9      | Reached skill level 8 in Armour
 15235 | D:9      | Noticed a two-headed ogre
 15365 | D:10     | Identified 2 potions of resistance
 15412 | D:10     | Found a shimmering blue altar of Sif Muna.
 15553 | D:10     | Found a runed translucent door.
 15567 | D:10     | Found a runed translucent door.
 15580 | D:10     | Found a runed translucent door.
 15599 | D:10     | Found a runed translucent door.
 15623 | D:10     | Reached skill level 9 in Fighting
 15964 | D:10     | Noticed an orange crystal statue
 16214 | D:10     | Reached XP level 11. HP: 76/97 MP: 13/20
 16255 | D:11     | Reached skill level 10 in Fire Magic
 16378 | D:11     | Found Coef's Assorted Antiques.
 16817 | D:11     | Identified the +0 robe of the Platytaur {*Corrode Str+2
                  | Slay+3}
 16953 | D:11     | Reached skill level 10 in Axes
 17749 | D:12     | Noticed a two-headed ogre
 17763 | D:12     | Killed a two-headed ogre
 17853 | D:12     | Found Tump's Jewellery Emporium.
 18210 | D:12     | Noticed a green ugly thing
 18235 | D:12     | Killed a green ugly thing
 18383 | D:12     | Noticed a centaur warrior
 18400 | D:12     | Killed a centaur warrior
 18401 | D:12     | Reached skill level 9 in Armour
 18401 | D:12     | Reached skill level 7 in Spellcasting
 18401 | D:12     | Noticed a death knight
 18401 | D:12     | Noticed a deep elf pyromancer
 18714 | D:10     | Killed a brown ugly thing
 18797 | D:10     | Found a runed translucent door.
 18809 | D:10     | Found a runed translucent door.
 19081 | D:10     | Killed a two-headed ogre
 19289 | D:10     | Found a shimmering blue altar of Sif Muna.
 19332 | D:10     | Found a runed translucent door.
 19736 | D:9      | Reached skill level 10 in Fighting
 19811 | D:9      | Found a staircase to the Lair.
 20030 | D:6      | Killed ytrimaz's ghost
 20031 | D:6      | Reached skill level 11 in Fire Magic
 20131 | D:7      | Noticed a sun demon
 20146 | D:7      | Reached skill level 11 in Axes
 20599 | D:7      | Identified the ring of Autotheism {rPois Will- AC+4 Str+3
                  | Dex+2}
 21323 | D:9      | Killed a two-headed ogre
 21324 | D:9      | Reached XP level 12. HP: 76/106 MP: 11/23
 21449 | Lair:1   | Entered Level 1 of the Lair of Beasts
 22054 | Lair:1   | Found a dark tunnel.
 22059 | Volcano  | Entered a volcano
 22301 | Volcano  | HP: 10/108 [salamander/+2 trident of flaming (10)]
 22306 | Volcano  | Reached skill level 10 in Armour
 22310 | Volcano  | HP: 13/162 [salamander/+1 spear of flaming (10)]
 22312 | Volcano  | HP: 1/162 [salamander/+1 spear of flaming (7)]
 22312 | Volcano  | Slain by a salamander

Vanquished Creatures
  A centaur warrior (D:12)
  3 two-headed ogres
  The ghost of ytrimaz the Martial Artist, a novice OpSh of Ashenzari (D:6)
  A salamander mystic (Volcano)
  Pikel (D:8)
  2 ugly things
  A manticore (D:12)
  2 salamanders (Volcano)
  4 komodo dragons
  2 unseen horrors
  A kobold demonologist (D:7)
  3 trolls
  A polar bear (Lair:1)
  Prince Ribbit (D:7)
  2 wyverns
  18 yaks
  Eustachio (D:4)
  A basilisk (Lair:1)
  A steam dragon (D:9)
  Menkaure (D:7)
  2 vampire mosquitoes (D:12)
  4 acid dragons
  3 water moccasins
  3 sky beasts
  2 orc warriors
  6 black bears
  An ice beast (D:6)
  3 ogres
  4 wolves (Lair:1)
  4 centaurs
  2 lemures (D:7)
  2 phantoms
  8 kobold brigands (D:7)
  8 bullfrogs
  12 scorpions
  2 gnoll sergeants (D:7)
  6 wights (D:9)
  6 killer bees (D:10)
  5 jellies
  2 howler monkeys (D:10)
  3 hounds
  5 orc priests
  2 gnoll boudas
  A sleepcap (D:6)
  Ijyb (Temple)
  2 iguanas (D:4)
  12 orc wizards
  Robin (D:4)
  23 gnolls
  9 adders
  A shadow imp (D:5)
  2 white imps
  4 ufetubi
  2 dart slugs
  47 orcs
  4 endoplasms
  4 giant cockroaches
  20 goblins
  13 hobgoblins
  11 jackals
  3 quokkas
  11 ball pythons
  14 bats
  5 frilled lizards
  7 kobolds
  2 rats
342 creatures vanquished.

Vanquished Creatures (others)
  2 goblins (D:4)
2 creatures vanquished.

Grand Total: 344 creatures vanquished

Table legend: (Time is in decaauts)
 A = Elapsed time spent in this place.
 B = Non-inter-level travel time spent in this place.
 C = Inter-level travel time spent in this place.
 D = Time resting spent in this place.
 E = Time spent auto-exploring this place.
 F = Levels seen in this place.
 G = Mean time per level.
                   A        B        C        D        E       F      G
               +--------+--------+--------+--------+--------+-----+--------+
         Total |  22328 |  21237 |   1091 |   4800 |  13001 |  15 | 1488.5 |
       Dungeon |  21213 |  20122 |   1091 |   4405 |  12532 |  12 | 1767.8 |
        Temple |    261 |    261 |      0 |    246 |      0 |   1 |  261.0 |
          Lair |    614 |    614 |      0 |     41 |    401 |   1 |  614.0 |
       Volcano |    239 |    239 |      0 |    108 |     68 |   1 |  239.0 |
               +--------+--------+--------+--------+--------+-----+--------+

Top non-repeatable levels by time:
    D:10: 2699 daAuts
     D:7: 2495 daAuts
     D:5: 2097 daAuts
     D:4: 2028 daAuts
     D:6: 1926 daAuts
     D:8: 1785 daAuts
     D:9: 1690 daAuts
    D:11: 1453 daAuts
     D:2: 1433 daAuts
     D:1: 1349 daAuts
     D:3: 1205 daAuts
    D:12: 1049 daAuts
  Lair:1: 614 daAuts
  Temple: 261 daAuts
 Volcano: 239 daAuts

Table legend:
 A = Non-vault XP
 B = Vault XP
 C = Vault XP percentage of total XP
 D = Non-vault monster count
 E = Vault monster count
 F = Vault count percentage of total count
                 A         B        C        D         E       F
            +---------+---------+-------+---------+---------+-------
      Total |   18742 |    8343 |  30.8 |     277 |      62 |  18.3
            +---------+---------+-------+---------+---------+-------
        D:1 |      69 |       0 |   0.0 |      27 |       0 |   0.0
        D:2 |      87 |       0 |   0.0 |      22 |       0 |   0.0
        D:3 |      83 |       0 |   0.0 |      17 |       0 |   0.0
        D:4 |     549 |     245 |  30.9 |      24 |      13 |  35.1
        D:5 |    1037 |     372 |  26.4 |      28 |      12 |  30.0
        D:6 |    1279 |     767 |  37.5 |      38 |       1 |   2.6
        D:7 |    1062 |    1566 |  59.6 |      24 |      17 |  41.5
        D:8 |     398 |     629 |  61.2 |      13 |       1 |   7.1
        D:9 |    2998 |     888 |  22.9 |      26 |       7 |  21.2
       D:10 |    4209 |     352 |   7.7 |      21 |       2 |   8.7
       D:11 |    1324 |       0 |   0.0 |      14 |       0 |   0.0
       D:12 |    3156 |     828 |  20.8 |       8 |       1 |  11.1
     Temple |       2 |      36 |  94.7 |       1 |       1 |  50.0
     Lair:1 |    2489 |     798 |  24.3 |      14 |       4 |  22.2
    Volcano |       0 |    1862 | 100.0 |       0 |       3 | 100.0
            +---------+---------+-------+---------+---------+-------
